 Dungeon Crawl Stone Soup version 0.28-a0-472-g50180c0d78 (webtiles) character file.

Game seed: 11404865522585905204

0 DasRunzen the Ducker (level 1, -3/14 HPs)
             Began as an Octopode Gladiator on Sept 15, 2021.
             Slain by a quokka (4 damage)
             ... on level 1 of the Dungeon.
             The game lasted 00:00:17 (41 turns).

DasRunzen the Ducker (Octopode Gladiator)             Turns: 41, Time: 00:00:18

Health: -3/14      AC:  1    Str: 13    XL:     1   Next: 10%
Magic:  1/1        EV: 13    Int: 10    God:
Gold:   0          SH:  0    Dex: 13    Spells: 0/0 levels left

rFire   . . .      SeeInvis .   a - +0 long sword
rCold   . . .      Faith    .   (no shield)
rNeg    . . .      Spirit   .   b - +0 hat
rPois   .          Reflect  .   (no amulet)
rElec   .          Harm     .   (no ring)
rCorr   .          Rampage  .   (no ring)
Will    .....                   (no ring)
Stlth   ++........              (no ring)
HPRegen 0.04/turn               (no ring)
MPRegen 0.07/turn               (no ring)
                                (no ring)
                                (no ring)

@: no status effects
A: almost no armour, amphibious, 8 rings, camouflage 1, gelatinous body 1,
(nimble swimmer 1), tentacles
a: no special abilities


You were on level 1 of the Dungeon.
You visited 1 branch of the dungeon, and saw 1 of its levels.

Inventory:

Hand Weapons
 a - a +0 long sword (weapon)
Missiles
 c - 3 throwing nets (quivered)
Armour
 b - a +0 hat (worn)
Potions
 d - a potion of curing {unknown}


   Skills:
 + Level 2.0 Fighting
 + Level 3.0 Long Blades
 - Level 2.0 Throwing
 + Level 3.0 Dodging
 + Level 0.0 Stealth


You couldn't memorise any spells.
You didn't know any spells.
Your spell library was empty.

Dungeon Overview and Level Annotations

Branches:
Dungeon (1/15)

Altars:


Innate Abilities, Weirdness & Mutations

You cannot wear most types of armour.
You are amphibious.
You can wear up to eight rings at the same time.
Your skin changes colour to match your surroundings (Stealth+).
Your rubbery body absorbs attacks. (AC +1, EV +1)
((You are camouflaged near water. (Stealth+)))
You have tentacles for arms and can constrict up to eight enemies at once.


Message History

d - a blue potion A quokka comes into view. 6 jackals and a dart slug come into view.
Found a runed dagger.
The jackal barks!
The jackal moves out of view.
Found a robe and 24 sling bullets.
You completely miss the dart slug. You grab the dart slug.
You constrict the dart slug. The dart slug completely misses you.
You hit the dart slug but do no damage.
The dart slug is moderately wounded.
You constrict the dart slug.
The jackal barks!
The dart slug misses you.
Unknown command.
You release your grip on the dart slug.
The jackal barks! x2
The quokka bites you. The jackal closely misses you.
You closely miss the jackal.
The jackal barks!
Your grab misses the jackal. The quokka barely misses you.
The jackal barely misses you. The quokka barely misses you.
The dart slug launches a dart at you. The slug dart hits you.
The jackal bites you.
* * * LOW HITPOINT WARNING * * *
You closely miss the jackal.
The jackal barks!
Your grab misses the jackal. You squeeze the jackal.
The jackal is almost dead.
The jackal closely misses you. The quokka barely misses you.
The jackal barely misses you. The jackal bites you.
* * * LOW HITPOINT WARNING * * *
The jackal completely misses you. The dart slug barely misses you.
You slash the jackal!
You kill the jackal!
The jackal closely misses you. The quokka completely misses you.
The jackal barely misses you. The jackal bites you.
* * * LOW HITPOINT WARNING * * *
The quokka bites you.
You die...

#. #...).....##+#### #.
#........[....... #.
#................ .. #.
#................ #.###.
#................
h#.h...##................
h....h..................†
######.##########.......
#.@hh....##........
[.....hrw.....##........
.(............##...####'
..........)...##...# #.
..............##...# #.
..............##...# #(
..............##...# #.
..............###### #.
#.


You could see a dart slug, a quokka and 5 jackals.

Vanquished Creatures
  A jackal (D:1)
  A frilled lizard (D:1)
2 creatures vanquished.

Notes
Turn   | Place    | Note
-------+----------+-------------------------------------------
     0 | D:1      | DasRunzen the Octopode Gladiator began the quest for the
                  | Orb.
     0 | D:1      | Reached XP level 1. HP: 14/14 MP: 1/1
    41 | D:1      | Slain by a quokka

Illustrated notes

Levels and vault maps discovered:
D:1:      tarquinn_simple_flora_water_c, layout_basic

Action                   || total
-------------------------++-------
Melee: Long sword        ||     7
       Constrict         ||     2
       Tentacles         ||     1
Dodge: Dodged            ||    15

Table legend: (Time is in decaauts)
 A = Elapsed time spent in this place.
 B = Non-inter-level travel time spent in this place.
 C = Inter-level travel time spent in this place.
 D = Time resting spent in this place.
 E = Time spent auto-exploring this place.
 F = Levels seen in this place.
 G = Mean time per level.
                   A        B        C        D        E       F      G
               +--------+--------+--------+--------+--------+-----+--------+
         Total |     42 |     42 |      0 |      0 |     24 |   1 |   42.0 |
       Dungeon |     42 |     42 |      0 |      0 |     24 |   1 |   42.0 |
               +--------+--------+--------+--------+--------+-----+--------+

Top non-repeatable levels by time:
     D:1: 42 daAuts
